 Dungeon Crawl Stone Soup version 0.16-a0-119-gc74d62a (webtiles) character file.

9853 Jakon the Fighter (level 11, -7/101 HPs)
             Began as a Minotaur Fighter on Aug 12, 2014.
             Was a High Priest of Okawaru.
             Killed from afar by lrvs' ghost (35 damage)
             ... with a fireball
             ... on Level 10 of the Dungeon.
             The game lasted 01:02:38 (11165 turns).

Jakon the Fighter (Minotaur Fighter)               Turns: 11165, Time: 01:02:38

HP  -7/101       AC 25     Str 22      XL: 11   Next: 28%
MP  18/18        EV 13     Int  7      God: Okawaru [*****.]
Gold 397         SH 12     Dex 13      Spells:  0 memorised, 10 levels left

rFire  . . .     SeeInvis .     q - +0 war axe
rCold  . . .     Clarity  .     F - +3 chain mail {MR+}
rNeg   . . .     rCorr    .     c - +0 shield
rPois  .         rRot     .     (helmet restricted)
rElec  .         Spirit   .     G - +2 cloak
SustAb .         Warding  .     C - +0 pair of gloves {Dex+3}
rMut   .         Stasis   .     J - +0 pair of boots
Gourm  .                        (no amulet)
MR     +....                    S - +5 ring of protection
                                e - +6 ring of evasion

@: somewhat resistant to hostile enchantments, extremely unstealthy
A: retaliatory headbutt, horns 2
a: Heroism, Finesse, Renounce Religion


You were on level 10 of the Dungeon.
You worshipped Okawaru.
Okawaru was extremely pleased with you.
You were not hungry.

You visited 2 branches of the dungeon, and saw 11 of its levels.

You collected 512 gold pieces.
You spent 115 gold pieces at shops.

Inventory:

Hand weapons
 k - a +2 quarterstaff of chaos
 q - a +0 war axe (weapon)
 I - a +3 dagger of distortion
Missiles
 b - 4 poisoned tomahawks (quivered)
Armour
 c - a +0 shield (worn)
 C - a +0 pair of gloves of dexterity (worn)
 F - a +3 chain mail of magic resistance (worn)
 G - a +2 cloak (worn)
 J - a +0 pair of boots (worn)
Magical devices
 x - a wand of heal wounds (1)
 A - a wand of heal wounds (5)
 P - a wand of lightning (3)
 W - a wand of hasting (0)
Comestibles
 d - 6 bread rations
 l - 4 slices of pizza
 t - 5 beef jerkies
 B - 3 royal jellies
 R - a meat ration
 T - 3 rotting chunks of ogre flesh
 V - 2 chunks of hobgoblin flesh
Scrolls
 a - 4 scrolls of enchant armour {unknown}
 f - 10 scrolls of remove curse
 g - a scroll of random uselessness {unknown}
 j - a scroll of blinking {unknown}
 m - 2 scrolls of noise {unknown}
 o - 2 scrolls of enchant weapon {unknown}
 s - 2 scrolls of immolation {unknown}
 v - 5 scrolls of magic mapping {unknown}
 y - 2 scrolls of recharging {unknown}
 H - a scroll of torment {unknown}
 M - a scroll of silence {unknown}
 N - 2 scrolls of teleportation {unknown}
 O - a scroll of vulnerability {unknown}
Jewellery
 e - a +6 ring of evasion (left hand)
 n - an uncursed ring of ice
 p - an uncursed ring of ice
 r - an uncursed ring of positive energy
 w - an uncursed ring of sustain abilities
 L - an uncursed ring of positive energy
 S - a +5 ring of protection (right hand)
Potions
 h - 6 potions of curing
 i - a potion of cure mutation
 u - 3 potions of heal wounds
 z - 3 potions of restore abilities
 D - a potion of mutation {unknown}
 E - 5 potions of haste
 K - a potion of lignification {unknown}
 Q - 2 potions of resistance
 U - a potion of might


   Skills:
 + Level 10.4 Fighting
 + Level 10.0 Axes
 + Level 10.0 Armour
 + Level 9.9 Shields
 + Level 8.0 Invocations


You had 10 spell levels left.
You didn't know any spells.

Dungeon Overview and Level Annotations

Branches:
Dungeon (10/15)            Temple (1/1) D:4
    Orc: D:9-12        Lair: D:8-11

Altars:
Ashenzari
Cheibriados
Dithmenos
Elyvilon
Fedhas
Gozag
Kikubaaqudgha
Makhleb
Nemelex Xobeh
Okawaru
Qazlal
Sif Muna
Trog
Vehumet
Xom
Yredelemnul
Zin
The Shining One

Shops:
D:4 [   D:5 =

Annotations:
D:9 Erolcha
D:10 lrvs' ghost, powerful GrFE


Innate Abilities, Weirdness & Mutations

You reflexively headbutt those who attack you in melee.
You have a pair of horns on your head.


Message History

You are covered in liquid flames!
* * * LOW HITPOINT WARNING * * *
You block lrvs' ghost's attack.
You are covered in liquid flames!
* * * LOW HITPOINT WARNING * * *
Lrvs' ghost hits you but does no damage.
Lrvs' ghost wails, "Very impressive.
But it won't help.
Nothing will."
Lrvs' ghost misses you.
You are covered in liquid flames!
* * * LOW HITPOINT WARNING * * *
Drink which item? (? for menu, Esc to quit)
You feel much better. You block lrvs' ghost's attack.
Lrvs' ghost barely misses you.
Lrvs' ghost points at you and mumbles some strange words.
The flame tongue hits you!
* * * LOW HITPOINT WARNING * * *
Lrvs' ghost is no longer moving quickly.
Lrvs' ghost points at you and mumbles some strange words.
The fireball explodes!
The fireball engulfs you!
You die...

#.## .....# #..# .....
##.## ###### #... ...
##..# ##..(.# #......
##...### ##.....#
#....... .......##
##......# #........
...###..####....<.##
#.......# .###
##...#.....).# #.......#
##
##........@#######(.....#
##.....)....W..........#
##..#############.......#
##).## ###....### ##..##
#......### ##..##
##.##..... ##.)##
###...### ##.)## ##..## #
#..### #...# #


You could see lrvs' ghost.

Vanquished Creatures
  A wizard (D:9)
  The ghost of Ololoev the Basher, an experienced OgHu of Okawaru (D:6)
  A hill giant (D:10)
  Pikel (D:6)
  Psyche (D:9)
  An efreet (D:9)
  A troll (D:10)
  5 yaks (D:8)
  A wyvern (D:9)
  Eustachio (D:6)
  A hippogriff (D:8)
  A hill giant skeleton (D:8)
  A shadow (D:8)
  Edmund (D:9)
  A hungry ghost (D:8)
  2 water moccasins
  A slave (D:6)
  A black bear (D:9)
  3 ice beasts
  An orc warrior (D:7)
  5 ogres
  4 sky beasts
  3 phantoms
  8 centaurs
  A yellow wasp (D:8)
  2 big kobolds
  The ghost of Chiseanne the Magician, an average DsWz (D:3)
  Duvessa (D:6)
  4 giant frogs
  A scorpion (D:4)
  A troll zombie (D:8)
  4 killer bees (D:8)
  Dowan (D:6)
  10 wights
  2 goliath beetles
  2 crimson imps
  A basilisk zombie (D:9)
  A jelly (D:5)
  2 quasits
  4 orc priests
  A centaur zombie (D:7)
  8 hounds
  Crazy Yiuf (D:2)
  An iguana (D:4)
  A giant frog skeleton (D:5)
  11 worker ants
  11 orc wizards
  Ijyb (D:7)
  2 hound skeletons
  12 gnolls
  A scorpion zombie (D:6)
  12 adders
  An orc skeleton (D:5)
  A giant mite (D:7)
  3 shadow imps
  A worm (D:2)
  An iguana zombie (D:5)
  An iguana skeleton (D:6)
  3 giant geckos
  2 oozes
  40 orcs
  2 ball pythons
  13 bats
  2 bat skeletons
  5 giant cockroaches
  12 goblins
  17 hobgoblins
  8 jackals
  2 quokkas
  6 giant newts
  2 goblin skeletons
  A hobgoblin skeleton (D:5)
  19 kobolds
  15 rats
304 creatures vanquished.

Vanquished Creatures (others)
  A giant frog (D:6)
  A hound skeleton (D:6)
  3 jackals (D:6)
5 creatures vanquished.

Grand Total: 309 creatures vanquished

Notes
Turn   | Place    | Note
--------------------------------------------------------------
     0 | D:1      | Jakon, the Minotaur Fighter, began the quest for the Orb.
     0 | D:1      | Reached XP level 1. HP: 19/19 MP: 1/1
   632 | D:2      | Reached XP level 2. HP: 27/27 MP: 1/1
   676 | D:2      | Reached skill level 4 in Armour
   713 | D:2      | Found a snail-covered altar of Cheibriados.
   716 | D:2      | Found a basalt altar of Yredelemnul.
   719 | D:2      | Found a blossoming altar of Fedhas.
   719 | D:2      | Found an ancient bone altar of Kikubaaqudgha.
   722 | D:2      | Found a glowing silver altar of Zin.
   727 | D:2      | Found an iron altar of Okawaru.
   742 | D:2      | Became a worshipper of Warmaster Okawaru
   813 | D:2      | Reached XP level 3. HP: 33/33 MP: 2/2
  1048 | D:2      | Reached skill level 1 in Invocations
  1109 | D:2      | Noticed Crazy Yiuf
  1114 | D:2      | Killed Crazy Yiuf
  1114 | D:2      | Reached XP level 4. HP: 39/41 MP: 2/2
  1544 | D:3      | Noticed Chiseanne's ghost (average DsWz)
  1589 | D:3      | Killed Chiseanne's ghost
  1589 | D:3      | Acquired Okawaru's first power
  1589 | D:3      | Reached XP level 5. HP: 18/47 MP: 2/3
  1592 | D:3      | Reached skill level 5 in Fighting
  2145 | D:4      | Found a bloodstained altar of Trog.
  2576 | D:4      | Noticed a centaur
  2596 | D:4      | Found a blossoming altar of Fedhas.
  2615 | D:4      | Killed a centaur
  2615 | D:4      | Reached XP level 6. HP: 40/56 MP: 5/5
  2749 | D:4      | Found Liudwyest's Armour Boutique.
  2759 | D:4      | Bought a +0 pair of gloves of dexterity for 115 gold pieces
  2816 | D:4      | Reached skill level 5 in Shields
  2823 | D:4      | Found a staircase to the Ecumenical Temple.
  2827 | D:4      | Reached skill level 5 in Armour
  3166 | Temple   | Entered the Ecumenical Temple
  3289 | D:5      | Entered Level 5 of the Dungeon
  3333 | D:5      | Reached XP level 7. HP: 50/62 MP: 5/5
  3381 | D:5      | Found Cougialo's Jewellery Shoppe.
  3458 | D:5      | Reached skill level 6 in Fighting
  3587 | D:5      | Reached skill level 5 in Axes
  3753 | D:5      | Reached XP level 8. HP: 5/71 MP: 8/8
  4255 | D:5      | Noticed a water moccasin
  4260 | D:5      | Killed a water moccasin
  4335 | D:5      | Found a burning altar of Makhleb.
  4350 | D:5      | Found a shadowy altar of Dithmenos.
  4366 | D:5      | Reached skill level 7 in Fighting
  5140 | D:6      | Noticed Eustachio
  5173 | D:6      | Killed Eustachio
  5285 | D:6      | Noticed Dowan
  5287 | D:6      | Noticed Duvessa
  5302 | D:6      | Killed Duvessa
  5305 | D:6      | Killed Dowan
  5320 | D:6      | Found a shadowy altar of Dithmenos.
  5324 | D:6      | Noticed Ololoev's ghost (experienced OgHu)
  5342 | D:6      | Killed Ololoev's ghost
  5342 | D:6      | Reached skill level 5 in Invocations
  5342 | D:6      | Reached XP level 9. HP: 73/81 MP: 8/12
  5360 | D:6      | Noticed Pikel
  5366 | D:6      | Killed Pikel
  5366 | D:6      | Reached skill level 8 in Fighting
  6194 | D:7      | Found a shattered altar of Ashenzari.
  6221 | D:7      | Noticed Ijyb
  6231 | D:7      | Killed Ijyb
  6331 | D:7      | Found a glowing golden altar of the Shining One.
  6497 | D:7      | Reached skill level 9 in Fighting
  6699 | D:7      | Acquired Okawaru's second power
  6730 | D:7      | Got a steaming helmet
  6853 | D:7      | Reached XP level 10. HP: 91/91 MP: 15/15
  9168 | D:9      | Found a sparkling altar of Nemelex Xobeh.
  9194 | D:9      | Noticed Edmund
  9204 | D:9      | Killed Edmund
  9204 | D:9      | Received a gift from Okawaru
  9228 | D:9      | Noticed Erolcha
  9293 | D:8      | Reached skill level 10 in Fighting
  9351 | D:9      | Noticed Psyche
  9364 | D:9      | Noticed a wizard
  9373 | D:9      | Killed Psyche
  9373 | D:9      | Reached XP level 11. HP: 44/99 MP: 11/18
  9378 | D:9      | Killed a wizard
 10001 | D:10     | Entered Level 10 of the Dungeon
 10215 | D:10     | Noticed a hill giant
 10267 | D:10     | Killed a hill giant
 10267 | D:10     | Reached skill level 10 in Axes
 10267 | D:10     | Reached skill level 10 in Armour
 10386 | D:10     | Noticed lrvs' ghost (powerful GrFE)
 11165 | D:10     | Killed from afar by lrvs' ghost

Action                   |  1- 3 |  4- 6 |  7- 9 | 10-12 || total
-------------------------+-------+-------+-------+-------++-------
Melee: War axe           |    66 |   160 |   435 |   417 ||  1078
       Unarmed           |       |       |    13 |       ||    13
Throw: Tomahawk          |       |       |       |     9 ||     9
Invok: Heroism           |       |       |     2 |     2 ||     4
       Finesse           |       |       |       |     1 ||     1
Evoke: Wand              |       |       |     3 |     5 ||     8
  Use: Potion            |       |       |     5 |     3 ||     8
       Scroll            |       |       |       |    10 ||    10
  Eat: Chunk             |       |     6 |     8 |     7 ||    21
       Meat ration       |       |     1 |       |     2 ||     3
